 Dungeon Crawl Stone Soup version 0.19-a0-994-g3c636f0 (webtiles) character file.

146602 4thArraOfDagon the Executioner (level 16, -4/132 HPs)
             Began as a Minotaur Berserker on July 17, 2016.
             Was a High Priest of Trog.
             Slain by a deep troll (6 damage)
             ... led by an ironheart preserver
             ... on level 3 of the Vaults.
             The game lasted 00:48:40 (7730 turns).

4thArraOfDagon the Executioner (Minotaur Berserker) Turns: 7730, Time: 00:48:41

Health: -4/132     AC: 24    Str: 30    XL:     16   Next: 60%
Magic:  15/15      EV: 15    Int:  6    God:    Trog [*****.]
Gold:   1119       SH:  0    Dex: 10    Spells: 0 memorised, 15 levels left

rFire  + + .     SeeInvis +     G - +5 battleaxe (vamp)
rCold  x . .     Gourm    .     b - +1 fire dragon armour
rNeg   . . .     Faith    .     (shield currently unavailable)
rPois  +         Spirit   .     a - +2 hat {SInv}
rElec  +         Dismiss  .     r - +0 cloak
rCorr  .         Reflect  .     (no gloves)
SustAt .         Harm     +     k - +0 pair of boots
MR     +++..                    z - amulet of harm
Stlth  ..........               y - +3 ring of strength
                                C - ring of flight

@: regenerating, extremely resistant to hostile enchantments, extremely
unstealthy
A: retaliatory headbutt, horns 2, iridescent scales 1, clever 1, poison
resistance, electricity resistance, weak 1, wild magic 1, MP-powered wands
a: Berserk, Trog's Hand, Brothers in Arms, Burn Spellbooks, Renounce Religion,
Evoke Flight
}: 1/15 runes: decaying


You were on level 3 of the Vaults.
You worshipped Trog.
Trog was extremely pleased with you.
You were not hungry.

You visited 5 branches of the dungeon, and saw 27 of its levels.
You also visited: Ice Cave and Volcano.

You collected 1119 gold pieces.

Inventory:

Hand Weapons
 w - a +2 broad axe of flaming
 G - a +5 vampiric battleaxe (weapon)
Missiles
 P - a throwing net (quivered)
Armour
 a - a +2 hat of see invisible (worn)
 b - a +1 fire dragon armour (worn)
 k - a +0 pair of boots (worn)
 r - a +0 cloak (worn)
 F - a +0 troll leather armour
Jewellery
 n - an uncursed ring of positive energy
 q - an uncursed ring of fire
 t - an uncursed ring of protection from fire
 y - a +3 ring of strength (right hand)
 z - an amulet of harm (around neck)
 C - a ring of flight (left hand)
 E - an uncursed amulet of dismissal
 K - an uncursed ring of ice
 R - an uncursed ring of protection from cold
Wands
 g - a wand of paralysis (7/24)
 o - a wand of acid (5/15)
 s - a wand of iceblast (7/15)
 v - a wand of disintegration (6/24)
 x - a wand of slowing (11/48)
 I - a wand of acid (8/15)
 J - a wand of digging (8/24)
 L - a wand of enslavement (7/24)
 Q - a wand of lightning (10/15)
 U - a wand of slowing (27/48)
Scrolls
 d - a scroll of fear
 f - 6 scrolls of recharging
 i - 5 scrolls of remove curse
 T - 2 scrolls of vulnerability
 Y - a scroll of blinking
 Z - a scroll of immolation
Potions
 e - 3 potions of brilliance
 h - 2 potions of berserk rage
 j - a potion of lignification {unknown}
 l - 2 potions of magic {unknown}
 m - 6 potions of might
 p - 9 potions of curing
 B - 3 potions of resistance {unknown}
 D - a potion of cure mutation
 H - 2 potions of ambrosia
 N - 2 potions of degeneration {unknown}
 O - 5 potions of agility
 S - a potion of beneficial mutation {unknown}
 V - 2 potions of haste
 W - 3 potions of heal wounds
 X - 3 potions of invisibility
Books
 u - a book of Debilitation

   Spells                             Type                      Level
   a - Corona                         Hexes                        1
   b - Slow                           Hexes                        2
   c - Gell's Gravitas                Hexes/Translocation          3
   d - Inner Flame                    Hexes/Fire                   3
   e - Cause Fear                     Hexes                        4
   f - Leda's Liquefaction            Hexes/Earth                  4
   Trog disapproves of the use of such an item.
 A - a book of the Tempests

   Spells                             Type                      Level
   a - Static Discharge               Conjuration/Air              3
   b - Lightning Bolt                 Conjuration/Air              5
   c - Fireball                       Conjuration/Fire             5
   d - Tornado                        Air                          9
   e - Shatter                        Earth                        9
   Trog disapproves of the use of such an item.
 M - a Necronomicon

   Spells                             Type                      Level
   a - Haunt                          Necromancy/Summoning         7
   b - Borgnjor's Revivification      Necromancy                   8
   c - Death's Door                   Charms/Necromancy            8
   d - Infestation                    Necromancy                   8
   e - Necromutation                  Transmutation/Necromancy     8
   Trog disapproves of the use of such an item.
Comestibles
 c - 6 bread rations


   Skills:
 - Level 9.3 Fighting
 * Level 24.1 Axes
 + Level 17.5 Armour
 - Level 10.6 Dodging


You had 15 spell levels left.
You didn't know any spells.

Dungeon Overview and Level Annotations

Branches:
Dungeon (14/15)            Temple (0/1) D:7            Lair (6/6) D:9
  Swamp (4/4) Lair:2        Snake (1/4) Lair:4        Slime (0/5) Lair:6
 Vaults (3/5) D:14
    Orc: D:9-12       Crypt: Vaults:2-3

Altars:
Ru
Uskayaw
Jiyva

Shops:
D:4 =   D:7 *

Annotations:
Lair:1 Nergalle
Lair:2 SWAMP
Lair:6 exclusion: ice statue
Swamp:3 Mara


Innate Abilities, Weirdness & Mutations

You reflexively headbutt those who attack you in melee.
You have a pair of horns on your head.
You are partially covered in iridescent scales. (AC +4)
Your mind is acute. (Int +2)
Your system is resistant to poisons. (rPois)
You are resistant to electric shocks. (rElec)
You are weak. (Str -2)
Your spells are a little harder to cast, but a little more powerful.
You expend magic power (3 MP) to strengthen your wands.


Message History

The deep troll bites you.
* * * LOW HITPOINT WARNING * * *
The deep troll claws you but does no damage. x2
Unknown command.
You closely miss the deep troll.
The deep troll is heavily wounded.
Unknown command.
You hit the deep troll.
You feel better.
The deep troll is heavily wounded.
The deep troll bites you!
* * * LOW HITPOINT WARNING * * *
The deep troll barely misses you. x2
Unknown command.
Unknown command.
Your skin crawls.
You feel resistant to hostile enchantments.
You feel somewhat more hungry. The deep troll bites you!
* * * LOW HITPOINT WARNING * * *
The deep troll claws you.
You die...

..!.... ....... .......
....... ..?.... .......
......T######### ###
......†@....?... ..#
......)#.###### #.#
.......#.# #.#
.......#.# #.#
.......#.# #.#
.......#.# #.#####
.......#.# #.#....
.......#.#.#######.#....
#.#.........#)...


You could see a deep troll.

Vanquished Creatures
  Boris (Vaults:3)
  2 vault wardens (Vaults:3)
  3 ironheart preservers
  A yaktaur captain (Vaults:2)
  A fire dragon (Vaults:1)
  An ogre mage (Vaults:2)
  Fannar (Lair:3)
  3 vault guards (Vaults:3)
  25 hydras
  2 naga warriors (Snake:1)
  4 ghost crabs
  3 centaur warriors
  5 alligators
  3 death yaks (Lair:6)
  3 deep troll earth magi
  2 deep troll shamans (Vaults:2)
  Sonja (Lair:4)
  4 spriggans
  2 unseen horrors (D:13)
  A skeletal warrior (Vaults:3)
  3 spriggan druids
  A wizard (D:14)
  9 swamp dragons
  7 deep trolls
  3 shambling mangroves
  A lindwurm (Volcano)
  4 hill giants
  An ironbrand convoker (Vaults:3)
  A wolf spider (Lair:6)
  2 orc knights (Vaults:2)
  A necromancer (D:14)
  3 cyclopes
  2 deep elf magi
  A manticore (D:13)
  2 hornets
  A toenail golem (Volcano)
  A griffon (Vaults:2)
  3 black mambas (Lair:6)
  3 elephants (Lair:6)
  2 guardian serpents
  A human skeleton (Vaults:3)
  A vault sentinel (Vaults:2)
  A molten gargoyle (Volcano)
  2 torpor snails
  A fire giant skeleton (Vaults:3)
  2 gargoyles (Volcano)
  16 spiny frogs
  2 rime drakes
  2 komodo dragons (Lair:2)
  4 yaktaurs (Vaults:2)
  3 kobold demonologists
  2 ice devils (Lair:5)
  8 giant leeches
  A queen bee (shapeshifter) (Vaults:3)
  A freezing wraith (Lair:6)
  3 two-headed ogres
  A polar bear (Lair:6)
  5 trolls
  13 blink frogs (Lair:5)
  6 slime creatures
  4 bog bodies
  2 shadows
  2 vampires
  An ettin skeleton (Vaults:3)
  5 wyverns
  46 yaks
  A redback (Lair:6)
  A hungry ghost (D:13)
  2 basilisks
  4 hippogriffs
  A steam dragon (D:10)
  4 insubstantial wisps (Swamp:4)
  2 wargs (Vaults:2)
  2 mottled dragons
  17 vampire mosquitoes
  17 swamp worms
  17 water moccasins
  7 orc warriors
  4 porcupines
  A black bear (D:10)
  12 swamp drakes
  A sky beast (D:7)
  5 ice beasts
  16 wasps
  An eye of draining (D:12)
  12 wolves
  7 ogres
  9 centaurs (D:13)
  11 crocodiles
  7 giant frogs
  5 scorpions
  2 howler monkeys (D:7)
  6 electric eels
  A crimson imp (D:10)
  7 jellies
  A quasit (D:13)
  5 hounds
  A centaur skeleton (D:9)
  3 orc wizards
  2 orc priests
  7 iguanas
  7 worker ants
  8 sheep
  15 adders
  24 river rats
  A shadow imp (D:11)
  2 white imps (Lair:6)
  A giant gecko (D:9)
  19 orcs
  3 bats
  5 kobolds
  2 quokkas
  4 ball pythons
  A giant newt (D:2)
  2 rats
  4 plants
553 creatures vanquished.

Vanquished Creatures (collateral kills)
  A hydra (Swamp:4)
  A swamp dragon (Swamp:4)
  An elephant (Lair:6)
  2 spiny frogs
  3 water moccasins (Lair:6)
  2 adders (Lair:6)
10 creatures vanquished.

Vanquished Creatures (others)
  2 wolves (Lair:2)
  A white imp (IceCv)
  2 ufetubi (IceCv)
  14 fungi
  4 plants
  7 toadstools (Swamp:1)
30 creatures vanquished.

Grand Total: 593 creatures vanquished

Notes
Turn   | Place    | Note
-------+----------+-------------------------------------------
     0 | D:1      | 4thArraOfDagon the Minotaur Berserker began the quest for the Orb.
     0 | D:1      | Reached XP level 1. HP: 19/19 MP: 0/0
   196 | D:3      | Reached XP level 2. HP: 15/27 MP: 1/1
   221 | D:3      | Found a sacrificial altar of Ru.
   289 | D:3      | Found a hide-covered altar of Uskayaw.
   289 | D:3      | Noticed a hand axe
   290 | D:3      | Noticed a hand axe
   432 | D:4      | Reached skill level 4 in Axes
   432 | D:4      | Reached XP level 3. HP: 33/33 MP: 2/2
   438 | D:4      | Found Qyakorch's Jewellery Shop.
   495 | D:4      | why shit
   555 | D:4      | You fall through a shaft for 3 floors!
   557 | D:7      | Found Vustronti's General Store.
   749 | D:7      | Reached XP level 4. HP: 40/40 MP: 3/3
   758 | D:7      | Noticed a sky beast
   769 | D:7      | Killed a sky beast
   769 | D:7      | Reached skill level 5 in Axes
   769 | D:7      | Reached XP level 5. HP: 47/47 MP: 4/4
   797 | D:7      | Reached ** piety under Trog
   809 | D:7      | Reached skill level 5 in Fighting
   809 | D:7      | Reached skill level 6 in Axes
   809 | D:7      | Reached XP level 6. HP: 55/56 MP: 5/5
   846 | D:7      | Found a staircase to the Ecumenical Temple.
   905 | D:8      | Noticed a hippogriff
   975 | D:8      | Killed a hippogriff
   975 | D:8      | Reached XP level 7. HP: 41/61 MP: 6/6
  1063 | D:9      | Reached skill level 7 in Axes
  1169 | D:10     | Entered Level 10 of the Dungeon
  1205 | D:11     | Noticed a yak
  1205 | D:11     | Noticed a yak
  1206 | D:11     | Noticed a four-headed hydra
  1206 | D:11     | Noticed a yak
  1208 | D:11     | Noticed a yak
  1228 | D:10     | Gained mutation: Your system is resistant to poisons. (rPois) [potion of mutation]
  1228 | D:10     | Gained mutation: You are weak. (Str -2) [potion of mutation]
  1228 | D:10     | Gained mutation: You are resistant to electric shocks. (rElec) [potion of mutation]
  1257 | D:10     | Reached skill level 5 in Armour
  1269 | D:9      | Noticed a troll
  1276 | D:10     | Got a shimmering scale mail
  1287 | D:10     | Identified the +0 scale mail of Comigio {rC+} (You found it on level 10 of the Dungeon)
  1312 | D:10     | Noticed a cyclops
  1316 | D:10     | Noticed a hill giant
  1329 | D:10     | Killed a cyclops
  1329 | D:10     | Reached skill level 8 in Axes
  1329 | D:10     | Reached skill level 5 in Dodging
  1329 | D:10     | Reached XP level 8. HP: 71/71 MP: 7/7
  1330 | D:10     | Killed a hill giant
  1330 | D:10     | Reached skill level 9 in Axes
  1399 | D:10     | Noticed a hill giant
  1400 | D:10     | Noticed a troll
  1416 | D:10     | Reached XP level 9. HP: 79/79 MP: 8/8
  1419 | D:10     | Killed a troll
  1420 | D:10     | Reached skill level 10 in Axes
  1428 | D:10     | Killed a hill giant
  1428 | D:10     | Reached skill level 11 in Axes
  1483 | D:10     | Got a blackened trident
  1517 | D:10     | Noticed a troll
  1546 | D:10     | Killed a troll
  1576 | D:10     | Reached XP level 10. HP: 63/90 MP: 9/9
  1762 | D:9      | Reached *** piety under Trog
  1766 | D:9      | Found a staircase to the Lair.
  1832 | Lair:1   | Entered Level 1 of the Lair of Beasts
  1847 | Lair:1   | Noticed a spiny frog
  1847 | Lair:1   | Noticed a spiny frog
  1856 | Lair:1   | Killed a spiny frog
  1856 | Lair:1   | Reached skill level 12 in Axes
  1860 | Lair:1   | Killed a spiny frog
  2050 | Lair:3   | Noticed a seven-headed hydra
  2145 | Lair:4   | Reached skill level 13 in Axes
  2192 | Lair:4   | Found a staircase to the Snake Pit.
  2204 | Lair:4   | Reached XP level 11. HP: 64/97 MP: 10/10
  2291 | Lair:3   | Reached **** piety under Trog
  2345 | Lair:3   | Found a dark tunnel.
  2352 | Volcano  | Entered a volcano
  2412 | Volcano  | Identified the +7 trident "Seushrubi" {pierce, Int+3 Dex+3} (You found it on level 10 of the Dungeon)
  2421 | Volcano  | Noticed a lindwurm
  2435 | Volcano  | Killed a lindwurm
  2488 | Volcano  | Reached skill level 10 in Armour
  2592 | Lair:2   | Reached skill level 14 in Axes
  2669 | Lair:1   | Noticed Nergalle
  2669 | Lair:1   | lol
  2726 | Lair:4   | Noticed Sonja
  2729 | Lair:4   | Killed Sonja
  2736 | Lair:4   | no disto:(
  2763 | Lair:3   | Noticed Fannar
  2770 | Lair:3   | Killed Fannar
  2794 | Lair:3   | You fall through a shaft for 3 floors!
  2794 | Lair:6   | Entered Level 6 of the Lair of Beasts
  2795 | Lair:6   | lol
  2909 | Lair:6   | Reached skill level 15 in Axes
  2937 | Lair:6   | Reached skill level 10 in Dodging
  2993 | Lair:5   | Reached XP level 12. HP: 104/104 MP: 11/11
  3023 | Lair:5   | Found a frozen archway.
  3057 | IceCv    | Entered an ice cave
  3125 | Lair:6   | Noticed a death yak
  3126 | Lair:6   | Noticed a death yak
  3127 | Lair:6   | Noticed a death yak
  3149 | Lair:6   | Killed a death yak
  3154 | Lair:6   | Killed a death yak
  3165 | Lair:6   | Killed a death yak
  3304 | Lair:6   | Reached skill level 16 in Axes
  3344 | Lair:6   | Noticed a four-headed hydra
  3360 | Lair:6   | Killed a four-headed hydra
  3370 | Lair:6   | Reached ***** piety under Trog
  3455 | Lair:6   | Found a viscous altar of Jiyva.
  3536 | Lair:6   | Reached skill level 17 in Axes
  3542 | Lair:6   | Gained mutation: You expend magic power (3 MP) to strengthen your wands. [mutagenic meat]
  3545 | Lair:6   | Gained mutation: Your spells are a little harder to cast, but a little more powerful. [mutagenic meat]
  3562 | Lair:6   | Gained mutation: You are partially covered in iridescent scales. (AC +4) [mutagenic meat]
  3568 | Lair:6   | Gained mutation: Your mind is acute. (Int +2) [mutagenic meat]
  3599 | Lair:6   | Reached skill level 18 in Axes
  3599 | Lair:6   | Reached XP level 13. HP: 41/111 MP: 12/12
  3629 | Lair:6   | Found a staircase to the Slime Pits.
  3733 | Lair:6   | Received a gift from Trog
  3734 | Lair:6   | lol
  3736 | Lair:6   | crap
  3799 | Lair:5   | Reached XP level 14. HP: 118/118 MP: 13/13
  3867 | Lair:5   | Reached skill level 19 in Axes
  4264 | Lair:2   | Found a staircase to the Swamp.
  4287 | Swamp:1  | Entered Level 1 of the Swamp
  4299 | Swamp:1  | Received a gift from Trog
  4300 | Swamp:1  | lol
  4384 | Swamp:1  | Noticed a thorn hunter
  4413 | Swamp:2  | Reached skill level 20 in Axes
  5190 | Swamp:3  | Noticed Mara
  5191 | Swamp:3  | lol
  5201 | Swamp:4  | Entered Level 4 of the Swamp
  5222 | Swamp:4  | Reached skill level 21 in Axes
  5277 | Swamp:4  | Reached skill level 15 in Armour
  5277 | Swamp:4  | Reached XP level 15. HP: 121/124 MP: 14/14
  5808 | Swamp:4  | Reached skill level 22 in Axes
  5917 | Swamp:4  | Got a decaying rune of Zot
  5933 | Swamp:4  | no weapon
  6153 | Lair:4   | lets die:I
  6164 | Snake:1  | Entered Level 1 of the Snake Pit
  6206 | Snake:1  | Sapher: vaults is a better place to die
  6216 | Snake:1  | 4thArraOfDagon: hmm yeah
  6613 | D:14     | Received a gift from Trog
  7025 | D:14     | :)
  7293 | D:14     | Reached ****** piety under Trog
  7294 | D:14     | Found a gate to the Vaults.
  7309 | Vaults:1 | Entered Level 1 of the Vaults
  7315 | Vaults:1 | Reached skill level 23 in Axes
  7361 | Vaults:1 | Reached XP level 16. HP: 96/132 MP: 15/15
  7362 | Vaults:1 | Received a gift from Trog
  7423 | Vaults:2 | Paralysed by an ogre mage for 7 turns
  7623 | Vaults:3 | Noticed Boris
  7636 | Vaults:3 | Killed Boris
  7652 | Vaults:3 | Reached skill level 24 in Axes
  7730 | Vaults:3 | HP: 2/132 [deep troll[an ironheart preserver] (20)]
  7730 | Vaults:3 | Slain by a deep troll

Vault maps used:
D:1:      dpeg_arrival_sounds_slurp, patterned_corridor
D:2:      nicolae_overflow_hidden_temple, first_bread, trog_book
D:3:      dancing_weapons_uskayaw, nicolae_ru_awakened_eye
D:4:      nicolae_overflow_crystal_walls, serial_shops, nicolae_shop_waterfront
D:6:      fedhas_altar_4, uniq_blork_the_orc, uniq_menkaure
D:7:      serial_shops, kennysheep_mini, grunt_ogre_cave
D:8:      lemuel_round_altar, tgw_kikubaaqudgha
D:9:      erik_lair_island, david_orc_4, uniq_grum
D:14:     david_vaults_1
Lair:1:   st_stairs_4, grunt_megastairs_4, uniq_nergalle
Lair:2:   nicolae_swamp_entry_splash_gauntlet, lemuel_old_faithful,
          infiniplex_staircase_pool_2
Lair:3:   nicolae_volcano_entry_two_sided, uniq_fannar
Lair:4:   minmay_snake_entry_six_corridors, uniq_sonja
Lair:5:   portal_ice_cave_demonic_guard, grunt_megastairs_5
Lair:6:   hangedman_lair_tendril_chambers, wormcave, slime_altar_1,
          minmay_stone_trees_large, ice2_lemuel
Swamp:1:  cheibrodos_swamp_tower_of_moss, evilmike_swamp_ruin_rubble_1
Swamp:2:  nicolae_swamp_rocky_clearing
Swamp:3:  evilmike_swamp_ruin_house_6, swamp_pool3, st_swamp_ruins_2, uniq_mara
Swamp:4:  swamp, hangedman_swamp_blocks, swamp_pool2
Snake:1:  serial_shops, nicolae_shop_temple_entry_statues_fountains
Vaults:1: hangedman_vaults_corner_blocks, vaults_room_large_hall,
          ontoclasm_vaults_twist, v_alt_pattern_4, vaults_room_fours,
          nicolae_vaults_little_squares_2, dpeg_vaults_monster_row,
          ontoclasm_vaults_spin, nicolae_vaults_diagonal_hallway_8,
          ontoclasm_vaults_decontamination, uniq_nikola
Vaults:2: nicolae_vaults_circle_grid_a, nicolae_vaults_shelves_hall,
          hangedman_vaults_nails, grunt_vaults_funnel, v_misc_9,
          nicolae_vaults_windows_and_doors_thing, special_room_vaults,
          v_misc_30, v_misc_9, nicolae_vaults_little_ls
Vaults:3: nicolae_vaults_circle_grid_a, minmay_crypt_entry_skeletal_spiral,
          hangedman_vaults_restitches, nicolae_vaults_alarming, v_misc_1,
          v_rooms_2, serial_ice_g, hangedman_vaults_cutoff, v_misc_22,
          grunt_vaults_diagonal, vaults_room_door_ring, vaults_room_fours,
          ontoclasm_vaults_ring_large, nicolae_vaults_little_squares_3,
          nicolae_vaults_asterisk, v_misc_19, vaults_dpeg_encased_lava,
          uniq_boris, uniq_aizul, uniq_sojobo, uniq_mennas, uniq_donald
IceCv:    ice_cave_small_demon
Volcano:  volcano_aerie

Skill      XL: |  1  2  3  4  5  6  7  8  9 10 11 12 13 14 15 16 |
---------------+-------------------------------------------------+-----
Fighting       | 4 5 6 7 8 9 |  9.3
Axes           | 4 5 6 8 9 11 13 15 18 21 23 24 | 24.1
Armour         | 3 4 5 6 7 9 11 12 13 15 16 17 | 17.5
Dodging        | 3 4 5 6 7 8 10 | 10.6

Action                   |  1- 3 |  4- 6 |  7- 9 | 10-12 | 13-15 | 16-18 || total
-------------------------+-------+-------+-------+-------+-------+-------++-------
Melee: Hand axe          |    26 |    46 |    67 |   185 |       |       ||   324
       Headbutt          |     1 |    11 |    23 |    93 |   160 |    22 ||   310
       Trident           |       |       |       |   256 |   684 |       ||   940
       Battleaxe         |       |       |       |       |    83 |   114 ||   197
Throw: Throwing net      |       |       |       |       |     1 |       ||     1
Invok: Berserk           |     3 |     3 |     3 |    18 |    29 |     3 ||    59
       Trog's Hand       |       |     1 |     3 |     3 |     5 |     4 ||    16
       Brothers in Arms  |       |       |       |     2 |     2 |     1 ||     5
Evoke: Wand              |       |     3 |    12 |     4 |     7 |       ||    26
  Use: Potion            |       |     1 |     1 |     1 |       |       ||     3
       Scroll            |       |       |     3 |    17 |    12 |       ||    32
 Stab: Sleeping          |     1 |       |       |       |       |       ||     1
       Distracted        |       |       |       |     1 |       |     1 ||     2
       Confused          |       |       |       |       |     1 |       ||     1
  Eat: Chunk             |     1 |       |     1 |    26 |    29 |       ||    57
       Bread ration      |     1 |       |       |       |     2 |     1 ||     4
       Beef jerky        |       |       |     1 |       |     1 |       ||     2
       Pizza             |       |       |     1 |       |       |       ||     1
       Fruit             |       |       |     4 |       |       |       ||     4
       Meat ration       |       |       |       |     1 |     3 |       ||     4
       Royal jelly       |       |       |       |     1 |       |       ||     1
Armor: Animal skin       |     7 |       |       |       |       |       ||     7
       Scale mail        |     5 |       |       |       |       |       ||     5
       Plate armour      |     3 |    47 |    44 |    31 |       |       ||   125
       Troll hide        |       |       |       |    11 |       |       ||    11
       Troll leather arm |       |       |       |    50 |   196 |       ||   246
       Fire dragon armou |       |       |       |       |     4 |   107 ||   111
Dodge: Dodged            |    19 |    24 |    34 |   274 |   536 |    90 ||   977
